 Seeded DCSS version 0.32-a0-7-ge934b4519a (webtiles) character file.

Game seed: 16090307882996012164 (custom seed)

571983 thriggle the Formicid Porcupine (level 27, -6/210 (214) HPs)
             Began as a Formicid Fighter on Jan 5, 2024.
             Was an Initiate of Gozag.
             Killed from afar by Wettim the pandemonium lord (71 damage)
             ... with a crystal spear
             ... on level 11 of a ziggurat on Jan 14, 2024.
             The game lasted 07:19:53 (67816 turns).

thriggle the Formicid Porcupine (Formicid Fighter) Turns: 67816, Time: 07:19:54

HP:   -6/210 (214)  AC:  4    Str: 30    XL:     27
MP:   34/34         EV: 17    Int: 10    God:    Gozag
Gold: 15442         SH: 38    Dex: 21    Spells: 17/41 levels left

rFire   + + .        G - +5 scythe "Finisher" {speed, execute}
rCold   . . .        M - +7 tower shield {AC+3}
rNeg    + . .        A - +7 plate armour {rPois}
rPois   +            (helmet unavailable)
rElec   .            c - +2 cloak {rF+}
rCorr   +            U - +2 pair of gloves
SInv    +            E - +0 pair of boots of the Monkey {rN+ Will+}
Will    +++..        F - amulet of reflection
Stlth   +++          R - ring "Koifatasi" {rF+ rCorr Str+5}
HPRegen 0.55/turn    B - ring of Okawaru, Teaching {AC+4 Slay+4}
MPRegen 0.24/turn

%: reflection
@: brilliant, corroded, gold aura, studying 3 skills, lightly drained
A: permanent stasis, dig shafts and tunnels, antennae 3, four strong arms,
passive freeze, inability to drink after injury 1
}: 3/15 runes: decaying, silver, gossamer
a: Dig, Shaft Self, Renounce Religion, Potion Petition, Call Merchant, Bribe
Branch


You were on level 11 of a ziggurat.
You worshipped Gozag.
Gozag was extremely pleased with you.
You visited 9 branches of the dungeon, and saw 45 of its levels.
You visited 1 ziggurat, and saw 11 of its levels.
You also visited: Bailey and Volcano.

You collected 30149 gold pieces.
You spent 2697 gold pieces at shops.
You paid 12010 gold pieces to Gozag.

Inventory:

Hand Weapons
 a - a +9 demon trident of flaming
 s - the +8 lance "Wyrmbane" {slay drac, rPois rF+ rC+ AC+3}
   (You found it on level 4 of a ziggurat)

   AC+3:      It affects your AC (+3).
   rF+:       It protects you from fire.
   rC+:       It protects you from cold.
   rPois:     It protects you from poison
 G - the +5 scythe "Finisher" (weapon) {speed, execute}
   (You found it on level 10 of the Dungeon)
 Y - the +6 Majin-Bo {spellvamp, MP+6 Int+6}
   (You found it on level 8 of a ziggurat)

   Int+6:     It affects your intelligence (+6).
   MP+6:      It affects your magic capacity (+6).
Missiles
 e - 24 atropa-tipped darts
 l - 11 curare-tipped darts
 t - 15 datura-tipped darts
 v - 16 boomerangs
 y - 8 silver javelins (quivered)
 D - 3 throwing nets
 J - 4 darts of dispersal
 L - 32 javelins
Armour
 c - a +2 cloak of fire resistance (worn)
 k - a +2 pair of boots
 A - a +7 plate armour of poison resistance (worn)
 E - the +0 pair of boots of the Monkey (worn) {rN+ Will+}
   (You found it on level 7 of a ziggurat)

   rN+:       It protects you from negative energy.
   Will+:     It increases your willpower.
 M - a +7 tower shield of protection (worn)
 U - a +2 pair of gloves (worn)
Jewellery
 d - the ring "Erghach" {Fly rPois Dex+4 Stlth+}
   (You took it off a tengu warrior on level 2 of the Depths)

   [ring of flight]

   Dex+4:     It affects your dexterity (+4).
   rPois:     It protects you from poison Fly: It grants you flight.
   Stlth+:    It makes you more stealthy.
 m - a ring of willpower
 p - the ring "Vaas" {rPois rN+}
   (You took it off an ironbound convoker on level 5 of the Vaults)

   [ring of poison resistance]

   rPois:     It protects you from poison rN+: It protects you from negative
   energy.
 z - the ring "Kaemen" {rElec rF+ rC+ Int+6 Stlth-}
   (You found it on level 1 of the Crypt)

   [ring of intelligence]

   Int+6:     It affects your intelligence (+6).
   rF+:       It protects you from fire.
   rC+:       It protects you from cold.
   rElec:     It insulates you from electricity.
   Stlth-:    It makes you less stealthy.
 B - the ring of Okawaru, Teaching (right hand) {AC+4 Slay+4}
   (You found it on level 7 of the Dungeon)

   [ring of protection]

   AC+4:      It affects your AC (+4).
   Slay+4:    It affects your accuracy & damage with ranged weapons and melee
   (+4).
 F - an amulet of reflection (around neck)
 R - the ring "Koifatasi" (left hand) {rF+ rCorr Str+5}
   (You took it off a centaur warrior on level 11 of the Dungeon)

   [ring of protection from fire]

   Str+5:     It affects your strength (+5).
   rF+:       It protects you from fire.
   rCorr:     It protects you from acid and corrosion.
 S - the ring "Haodd" {rElec Dex+6}
   (You took it off a deep elf master archer on level 3 of the Elven Halls)

   [ring of dexterity]

   Dex+6:     It affects your dexterity (+6).
   rElec:     It insulates you from electricity.
 Z - the ring of Bulel {rElec AC+4}
   (You found it on level 10 of a ziggurat)

   [ring of protection]

   AC+4:      It affects your AC (+4).
   rElec:     It insulates you from electricity.
Wands
 f - a wand of iceblast (73)
 H - a wand of mindburst (22)
 N - a wand of flame (107)
 Q - a wand of digging (12)
 T - a wand of light (28)
 V - a wand of charming (31)
 X - a wand of polymorph (12)
Scrolls
 g - 10 scrolls of fog
 j - 3 scrolls of brand weapon
 r - 24 scrolls of identify
 w - a scroll of silence
 x - 2 scrolls of fear
 I - 6 scrolls of poison
 O - 4 scrolls of revelation
Potions
 h - 7 potions of ambrosia
 n - 5 potions of enlightenment
 o - 4 potions of heal wounds
 q - 10 potions of attraction
 u - 17 potions of curing
 C - 6 potions of mutation
 P - a potion of brilliance
 W - 5 potions of invisibility
Miscellaneous
 i - a box of beasts (inert)
 K - a phantom mirror (inert)


   Skills:
 + Level 17.0 Fighting
 - Level 6.4(19.0) Axes
 O Level 27 Polearms
 + Level 15.1 Throwing
 + Level 16.7 Armour
 + Level 13.8 Dodging
 + Level 19.0 Stealth
 + Level 25.2 Shields
 + Level 7.5 Spellcasting
 * Level 8.7 Hexes
 + Level 5.6 Necromancy
 + Level 15.1 Evocations


You had 17 spell levels left.
You knew the following spells:

 Your Spells              Type           Power      Damage    Failure   Level
a - Discord               Hex            15%        N/A       100%        8
b - Dispel Undead         Necr           22%        3d12      67%         4
c - Tukima's Dance        Hex            31%        N/A       8%          3
d - Cause Fear            Hex            15%        N/A       26%         4
e - Silence               Hex/Air        9%         N/A       99%         5

Your spell library contained the following spells:

 Spells                   Type           Power      Damage    Failure   Level
 Slow                     Hex            100%       N/A       2%          1
 Confusing Touch          Hex            31%        N/A       8%          3
 Sigil of Binding         Hex            31%        N/A       8%          3
 Necrotise                Necr           88%        1d8       10%         1
 Sublimation of Blood     Necr           22%        N/A       14%         2
 Ensorcelled Hibernation  Hex/Ice        36%        N/A       24%         2
 Fugue of the Fallen      Necr           22%        N/A       28%         3
 Vampiric Draining        Necr           22%        2d7       28%         3
 Kiss of Death            Conj/Necr      56%        2d9       30%         1
 Dazzling Flash           Conj/Hex       36%        N/A       43%         3
 Inner Flame              Hex/Fire       18%        N/A       43%         3
 Anguish                  Hex/Necr       13%        N/A       43%         4
 Cigotuvi's Dreadful Rot  Necr/Alch/Air  22%        N/A       54%         2
 Freeze                   Ice            20%        1d4       67%         1
 Magic Dart               Conj           20%        1d4       67%         1
 Shock                    Conj/Air       20%        1d4       67%         1
 Summon Small Mammal      Summ           20%        N/A       67%         1
 Call Imp                 Summ           10%        N/A       82%         2
 Lesser Beckoning         Tloc           10%        N/A       82%         2
 Mercury Vapours          Alch/Air       10%        N/A       82%         2
 Momentum Strike          Conj/Tloc      10%        3d8       82%         2
 Scorch                   Fire           10%        2d5       82%         2
 Searing Ray              Conj           10%        2d4       82%         2
 Dimensional Bullseye     Hex/Tloc       9%         N/A       83%         4
 Curse of Agony           Necr           22%        N/A       95%         5
 Call Canine Familiar     Summ           5%         N/A       96%         3
 Frozen Ramparts          Ice            10%        1d2       96%         3
 Gell's Gravitas          Tloc           5%         N/A       96%         3
 Hailstorm                Conj/Ice       5%         3d5       96%         3
 Mephitic Cloud           Conj/Alch/Air  5%         N/A       96%         3
 Ozocubu's Armour         Ice            5%         N/A       96%         3
 Passwall                 Erth           5%         N/A       96%         3
 Stone Arrow              Conj/Erth      10%        3d7       96%         3
 Teleport Other           Tloc           5%         N/A       96%         3
 Volatile Blastmotes      Fire/Tloc      10%        2d10      96%         3
 Martyr's Knell           Necr/Summ      14%        N/A       96%         4
 Metabolic Englaciation   Hex/Ice        9%         N/A       99%         5
 Summon Mana Viper        Hex/Summ       18%        N/A       99%         5
 Yara's Violent Unravell  Hex/Alch       9%         3d6       99%         5
 Airstrike                Air            2%         2d(1-17)  100%        4
 Animate Armour           Summ/Erth      10%        N/A       100%        4
 Brom's Barrelling Bould  Conj/Erth      5%         2d3       100%        4
 Flame Wave               Conj/Fire      5%         2d5       100%        4
 Fulminant Prism          Conj/Alch      2%         3d5       100%        4
 Iskenderun's Mystic Bla  Conj/Tloc      5%         2d3       100%        4
 Leda's Liquefaction      Alch/Erth      2%         N/A       100%        4
 Manifold Assault         Tloc           5%         N/A       100%        4
 Olgreb's Toxic Radiance  Alch           5%         N/A       100%        4
 Passage of Golubria      Tloc           5%         N/A       100%        4
 Petrify                  Alch/Erth      5%         N/A       100%        4
 Summon Blazeheart Golem  Fire/Summ      5%         N/A       100%        4
 Alistair's Intoxication  Alch           3%         N/A       100%        5
 Arcjolt                  Conj/Air       2%         1d12      100%        5
 Borgnjor's Vile Clutch   Necr/Erth      7%         N/A       100%        5
 Fireball                 Conj/Fire      2%         3d4       100%        5
 Irradiate                Conj/Alch      2%         3d12      100%        5
 Iskenderun's Battlesphe  Conj           5%         2d6       100%        5
 Lee's Rapid Deconstruct  Erth           2%         3d5*      100%        5
 Summon Forest            Summ/Tloc      2%         N/A       100%        5
 Bombard                  Conj/Erth      2%         9d1       100%        6
 Conjure Ball Lightning   Conj/Air       2%         3x3d6     100%        6
 Death Channel            Necr           11%        N/A       100%        6
 Dispersal                Tloc           2%         N/A       100%        6
 Eringya's Noxious Bog    Alch           2%         4d6       100%        6
 Sculpt Simulacrum        Ice/Alch       2%         N/A       100%        6
 Summon Cactus Giant      Summ           2%         N/A       100%        6
 Enfeeble                 Hex            15%        N/A       100%        7
 Haunt                    Necr/Summ      7%         N/A       100%        7
 Orb of Destruction       Conj           2%         9d5       100%        7
 Ozocubu's Refrigeration  Ice            2%         4d8       100%        7
 Spellforged Servitor     Conj/Summ      2%         N/A       100%        7
 Summon Hydra             Summ           2%         N/A       100%        7
 Borgnjor's Revivificati  Necr           11%        N/A       100%        8
 Disjunction              Tloc           2%         N/A       100%        8
 Ignition                 Fire           2%         3d3       100%        8
 Lehudib's Crystal Spear  Conj/Erth      2%         10d2      100%        8
 Maxwell's Capacitive Co  Air            2%         ∞         100%        8
 Chain Lightning          Conj/Air       2%         3d3       100%        9
 Death's Door             Necr           11%        N/A       100%        9
 Polar Vortex             Ice            2%         N/A       100%        9
 Animate Dead             Necr           Unusable   N/A       N/A         4
 Blink                    Tloc           Unusable   N/A       N/A         2
 Swiftness                Air            Unusable   N/A       N/A         3
 Vhi's Electric Charge    Tloc/Air       Unusable   N/A       N/A         4

Dungeon Overview and Level Annotations

Branches:
Dungeon (15/15)            Temple (0/1) D:4            Lair (5/5) D:9
  Swamp (4/4) Lair:2       Spider (4/4) Lair:2        Slime (0/5) Lair:4
    Orc (2/2) D:9             Elf (3/3) Orc:2        Vaults (5/5) D:14
  Crypt (3/3) Vaults:2       Tomb (0/3) Crypt:3      Depths (4/4) D:15
    Zot (0/5) Depths:4     Bailey (visited)         Volcano (visited)

Altars:
Ashenzari
Gozag
Makhleb
Qazlal
Ru
Trog
Uskayaw
Vehumet
Wu Jian
Xom
Yredelemnul
The Shining One
Jiyva

Shops:
D:2 =   D:4 !   D:15 *!*   Orc:1 *(   Orc:2 (*:!   Elf:1 (   Vaults:1 *
Vaults:3 [

Portals:
Hell: Depths:1 Depths:2 Depths:3 Depths:4
Abyss: Depths:1 Depths:2 Depths:3 Depths:4
Pandemonium: Orc:2 Depths:1 Depths:2
Trove: Elf:2 (give horn of Geryon)

Annotations:
Orc:1 4 transporters, Pedyestre's ghost, journeyman DsIE
Orc:2 1 runed translucent door, Likado's ghost, journeyman MfSu


Innate Abilities, Weirdness & Mutations

You cannot be hasted, slowed, berserked, paralysed or teleported.
You can dig through walls and to a lower floor.
You have a pair of large antennae on your head. (SInv)
Your four strong arms can wield two-handed weapons with a shield.
A frigid envelope surrounds you and freezes all who hurt you.
You occasionally lose the ability to drink potions when taking damage.


Message History

* * * LOW HITPOINT WARNING * * *
Your demonspawn black sun hits the green death with a +0 great sword!
You block the green death's attack.
The demonspawn corrupter calls forth creatures from the Pits of Slime!
You block the tormentor's attack. The tormentor closely misses you.
You feel much better.
The green death's magic is no longer disrupted.
You block Wettim's attack. You block the tormentor's attack. x2
The smoke demon barely misses your demonspawn black sun.
The smoke demon hits your demonspawn black sun.
The smoke demon hits your demonspawn black sun but does no damage.
The green death hits you!
The green death is very cold.
The green death is heavily wounded.
The demonspawn corrupter calls down the wrath of Lugonu upon you.
The entropic weave corrodes you!
Your demonspawn black sun hits the smoke demon with a +0 great sword.
Wettim sneers, "Despond, thou loggerheaded tip-merry dandiprat!"
Wettim gestures at you.
You block the crystal spear... and reflect it back!
The crystal spear hits Wettim!!!
The titanic slime creature jiggles.
Aiming: Charm
Press: ? - help, Shift-Dir - straight line, f - titanic slime creature, p - demonspawn black sun
Aim: a titanic slime creature (summoned, chance to affect: 63%)
The titanic slime creature is charmed.
Your attacks no longer feel as feeble.
Wettim hits you!!
* * * LOW HITPOINT WARNING * * *
You block the tormentor's attack. x2
The smoke demon hits your demonspawn black sun but does no damage. x2
The smoke demon hits your demonspawn black sun.
The demonspawn corrupter invokes the aid of Lugonu against you.
The entropic weave corrodes you!
Your demonspawn black sun closely misses the smoke demon.
You block the green death's attack.
A titanic slime creature splits.
You feel much better. Wettim gestures at you. The crystal spear hits you!!!
You die...
Your body crumbles into a pile of gold.

▓▓▓▓▓▓▓▓▓
▓▓........
▓▓.........
▓▓..3.6.....
▓▓...62).....
▓▓..2.@&3.....
▓.∩..2RJJ.....
▓▓....$☼$.....
▓▓......$....
▓▓.....○..4.
▓▓.........
▓▓........
▓▓▓▓▓▓▓▓▓


You could see Wettim (fast, corroded, magic disrupted), a demonspawn corrupter
(black mark), a green death, a smoke demon (summoned, ally target), 2
tormentors, an efreet, a neqoxec, a red devil (summoned), a friendly demonspawn
black sun (charmed), a friendly very large slime creature (charmed, summoned)
and a friendly large slime creature (charmed, summoned).

Vanquished Creatures
  3 ancient liches (Crypt:3)
  Mennas (Crypt:3)
  Josephina (Crypt:3)
  Xtahua (Vaults:1)
  Boris (Crypt:3)
  Sojobo (Depths:2)
  Bai Suzhen (Spider:4)
  the Lernaean hydra (Swamp:4)
  Margery (Vaults:1)
  2 curse toes (Crypt:3)
  8 caustic shrikes
  4 golden dragons
  Nikola (Depths:1)
  3 bone dragons (Depths:3)
  Arachne (Spider:2)
  A pandemonium lord (Zig:1)
  2 tentacled monstrosities
  Jorgrun (Elf:2)
  Asterion (Spider:2)
  2 quicksilver dragons
  3 deep elf blademasters
  3 walking earthen tomes (Depths:3)
  A searing wretch (Vaults:1)
  3 liches
  7 ancient champions
  6 sphinxes
  5 deep elf master archers
  A walking divine tome (Depths:3)
  2 acid blobs (Zig:9)
  Gastronok (D:12)
  Kirke (D:14)
  2 draconian monks
  Donald (Elf:2)
  8 storm dragons
  Aizul (Spider:1)
  7 tengu reavers
  8 shadow dragons
  An azure jelly (Zig:9)
  3 revenants
  A draconian knight (Depths:4)
  3 draconian shifters
  A fenstrider witch (Swamp:4)
  4 iron dragons
  5 fire giants
  A nagaraja (Zig:2)
  11 frost giants
  5 emperor scorpions
  8 deep elf sorcerers
  16 vault wardens
  2 ghost moths (Spider:4)
  Louise (Swamp:1)
  2 draconian annihilators
  2 broodmothers
  An orc warlord (Vaults:2)
  8 ghouls
  2 curse skulls (Crypt:3)
  14 very ugly things
  8 deep elf elementalists
  3 demonspawn corrupters (Zig:11)
  16 ironbound preservers
  12 ironbound thunderhulks
  17 stone giants
  2 reapers
  A quicksilver ooze (Zig:9)
  7 vampire knights
  2 formless jellyfish
  7 deep elf demonologists
  3 eleionomae
  12 deep elf death magi
  3 green draconians
  3 black draconians
  2 yellow draconians (Zig:8)
  3 bunyips
  4 deep elf annihilators
  3 purple draconians
  4 red draconians
  3 war gargoyles
  4 white draconians
  14 dire elephants
  22 spark wasps
  3 merfolk javelineers
  3 eidola
  9 fire dragons
  8 blizzard demons
  A crystal guardian (Depths:3)
  10 ettins
  2 merfolk impalers
  3 great orbs of eyes
  6 jiangshi
  10 yaktaur captains
  8 entropy weavers
  11 deep elf high priests
  14 vault guards
  17 hydras
  3 ogre magi
  Erolcha (Orc:2)
  15 ice dragons
  A peacekeeper (Vaults:1)
  A demonspawn (Orc:2)
  3 rakshasas
  13 ironbound frosthearts
  4 ghost crabs
  Erica (D:8)
  8 centaur warriors
  A jorogumo (shapeshifter) (Vaults:5)
  8 alligators
  A death knight (D:11)
  2 radroaches
  6 spriggan air magi
  2 catoblepae
  A satyr (Zig:5)
  5 jorogumos
  The ghost of jasper the Arsonist, a journeyman DECA of Ignis (Lair:1)
  4 boulder beetles
  31 dancing weapons
  8 two-headed ogres
  The ghost of jestert79 the Grappler, a novice DrCA of Ignis (Lair:1)
  The ghost of zenocrate the Covert, a journeyman VSEn of Gozag (Lair:2)
  4 deep troll earth magi
  2 tengu warriors
  An azure jelly zombie (Crypt:1)
  10 deep troll shamans
  A naga warrior (Zig:2)
  15 death yaks (Lair:5)
  A shock serpent (shapeshifter) (Vaults:5)
  7 demonic crawlers
  7 orc high priests (Orc:2)
  8 shock serpents (Depths:3)
  2 spriggan berserkers
  A soul eater (Crypt:3)
  5 vampire magi
  4 occultists
  19 deep elf knights
  13 hell knights
  An emperor scorpion zombie (Crypt:2)
  3 skysharks (Lair:5)
  A salamander mystic (D:15)
  A storm dragon skeleton (Crypt:3)
  7 pharaoh ants
  8 iron trolls
  4 goliath frogs
  27 skeletal warriors
  2 glowing orange brains (shapeshifter) (Vaults:5)
  A sea snake (shapeshifter) (Vaults:5)
  A bunyip zombie (Crypt:3)
  3 glowing orange brains
  2 shadow wraiths
  18 orb spiders
  65 deep trolls
  13 bog bodies
  3 spriggan druids
  16 swamp dragons
  8 deep elf archers
  2 spriggan simulacra (Crypt:3)
  7 flayed ghosts
  6 steelbarb worms
  2 sun moths
  16 lindwurms
  14 necromancers
  7 phantasmal warriors
  24 ironbound convokers
  10 arcanists
  11 orc knights
  An orange crystal statue (Vaults:3)
  A lindwurm (shapeshifter) (D:13)
  26 deep elf zephyrmancers
  41 ugly things
  9 large abominations
  3 alligator zombies (Swamp:2)
  A shadow dragon skeleton (Crypt:2)
  9 cyclopes
  34 deep elf pyromancers
  An eleionoma zombie (Crypt:2)
  5 will-o-the-wisps
  17 wolf spiders
  An iron dragon zombie (Crypt:1)
  4 orc sorcerers (Orc:2)
  Maurice (Orc:2)
  2 manticores
  2 stone giant skeletons
  A salamander (Depths:1)
  3 black mambas
  8 elephants
  A merfolk siren (Zig:5)
  9 meliai
  3 moths of wrath
  3 kobold blastminers (Orc:2)
  12 vault sentinels
  A water nymph (Zig:5)
  8 torpor snails
  9 cane toads
  A smoke demon (Orc:2)
  A gargoyle (D:12)
  6 unseen horrors
  3 rime drakes
  A yellow draconian zombie (Crypt:1)
  An efreet (D:13)
  A death yak zombie (Crypt:3)
  A naga skeleton (Crypt:1)
  A hellion (Depths:1)
  An unseen horror (shapeshifter) (D:13)
  2 kobold demonologists (D:9)
  13 komodo dragons
  41 yaktaurs
  An ice devil (Orc:2)
  2 freezing wraiths
  11 tengu conjurers
  2 hydra zombies (Swamp:2)
  2 harpy zombies (Crypt:3)
  A grey draconian skeleton (Crypt:1)
  4 guardian mummies (Crypt:3)
  4 polar bears
  15 hornets
  2 bloated husks
  A purple draconian skeleton (Crypt:1)
  A queen bee (shapeshifter) (D:15)
  2 wind drakes
  An elf simulacrum (Vaults:1)
  A merfolk (shapeshifter) (Depths:2)
  8 trolls
  A blink frog (shapeshifter) (Depths:4)
  24 tarantellas
  A hellwing (Orc:2)
  12 tyrant leeches
  22 blink frogs
  A stone giant simulacrum (Crypt:3)
  A glass eye (Depths:2)
  An iron dragon simulacrum (Crypt:3)
  3 harpy skeletons (Crypt:3)
  A snapping turtle (shapeshifter) (Vaults:5)
  53 slime creatures
  39 jumping spiders
  9 spriggans
  5 vampires
  2 black mamba zombies (Crypt:3)
  8 water elementals
  18 culicivoras
  A spriggan (shapeshifter) (D:15)
  3 shadows
  An unseen horror simulacrum (D:10)
  9 wraiths
  67 yaks
  An ettin skeleton (Crypt:1)
  11 fire elementals
  A hog (D:14)
  8 basilisks
  A golden eye (shapeshifter) (Elf:2)
  A black mamba skeleton (Crypt:3)
  2 ynoxinuls
  Eustachio (D:6)
  10 wyverns
  A golden eye (Zig:9)
  68 redbacks
  A neqoxec (Orc:2)
  4 steam dragons
  4 small abominations (Depths:1)
  A harpy simulacrum (Crypt:3)
  7 vampire mosquitoes
  A naga zombie (Crypt:1)
  Edmund (D:6)
  A swamp worm (shapeshifter) (Depths:4)
  A chaos spawn (Depths:1)
  A naga (Zig:2)
  15 swamp worms
  9 acid dragons
  2 hydra simulacra (Swamp:2)
  A two-headed ogre zombie (Crypt:2)
  12 water moccasins
  4 hell hounds (Volcano)
  A sky beast (shapeshifter) (Vaults:5)
  Duvessa (D:6)
  13 swamp drakes
  2 merfolk skeletons (Crypt:3)
  An ogre skeleton (Vaults:1)
  A black bear (D:6)
  A swamp dragon zombie (Swamp:2)
  46 orc warriors
  A sky beast (D:7)
  2 ice beasts
  A snapping turtle zombie (Crypt:1)
  31 laughing skulls
  A two-headed ogre skeleton (Crypt:2)
  15 ogres
  18 wolves
  A swamp dragon skeleton (Crypt:3)
  21 centaurs
  A blink frog skeleton (Crypt:2)
  A phantom (D:5)
  3 elf zombies
  3 kobold brigands
  A brain worm (shapeshifter) (Elf:2)
  A hog skeleton (Crypt:1)
  A wyvern zombie (D:7)
  13 bullfrogs
  6 necrophages
  Blork the orc (D:6)
  2 earth elementals
  A warg skeleton (Crypt:2)
  5 scorpions
  Dowan (D:6)
  16 wights
  11 killer bees
  A troll skeleton (Crypt:3)
  4 electric eels
  10 howler monkeys
  3 centaur zombies
  2 bullfrog zombies (D:7)
  5 jellies
  A human zombie (D:7)
  3 hounds (D:5)
  A human simulacrum (Vaults:1)
  35 orc priests
  2 centaur skeletons
  2 sleepcaps
  2 gnoll boudas
  9 iguanas
  17 orc wizards
  2 killer bee zombies (D:7)
  An acid dragon zombie (Crypt:3)
  4 centaur simulacra
  2 howler monkey zombies (D:7)
  8 gnolls
  7 adders
  9 white imps
  A howler monkey simulacrum (D:10)
  9 ufetubi
  A lava snake zombie (Crypt:3)
  3 ribbon worms
  11 dart slugs (D:4)
  90 orcs
  7 ball pythons
  6 bats
  6 endoplasms
  3 giant cockroaches
  9 hobgoblins
  6 jackals (D:1)
  3 quokkas
  5 frilled lizards
  A frilled lizard skeleton (Crypt:1)
  4 goblins
  A goblin skeleton (Crypt:2)
  22 kobolds
  A kobold skeleton (Crypt:2)
  An orc zombie (Crypt:3)
  3 rats
  A butterfly (Lair:4)
2300 creatures vanquished.

Vanquished Creatures (collateral kills)
  2 titans (Vaults:5)
  An Executioner (Zig:11)
  A tengu reaver (Vaults:5)
  A fire giant (Vaults:5)
  A vault warden (Vaults:5)
  A cacodemon (Zig:11)
  2 ironbound preservers (Vaults:5)
  2 very ugly things (Vaults:5)
  A stone giant (Vaults:5)
  An ironbound thunderhulk (Depths:3)
  A demonspawn black sun (Zig:11)
  A war gargoyle (Vaults:5)
  A purple draconian (Zig:4)
  5 yaktaur captains (Vaults:5)
  9 vault guards (Vaults:5)
  An ogre mage (Vaults:5)
  A two-headed ogre (Vaults:5)
  2 dancing weapons
  A deep troll shaman (Depths:2)
  A spriggan berserker (Swamp:4)
  5 deep trolls (Vaults:5)
  A deep elf archer (Elf:1)
  2 bog bodies (Swamp:4)
  3 ironbound convokers (Vaults:5)
  A deep elf pyromancer (Elf:2)
  2 phantasmal warriors (Vaults:5)
  2 ugly things (Vaults:5)
  A rust devil (Zig:11)
  A black mamba (shapeshifter) (Vaults:5)
  A smoke demon (Zig:11)
  5 yaktaurs (Vaults:5)
  A tengu conjurer (Depths:3)
  A culicivora (shapeshifter) (Vaults:5)
  A water elemental (Elf:1)
  A warg (Vaults:5)
  An ogre (Vaults:5)
65 creatures vanquished.

Vanquished Creatures (others)
  A titan (Vaults:5)
  2 vault wardens (Vaults:5)
  2 ironbound preservers (Vaults:5)
  A very ugly thing (Vaults:5)
  A deep elf demonologist (Vaults:5)
  A deep elf death mage (Vaults:5)
  2 stone giants (Vaults:5)
  A deep elf annihilator (Vaults:5)
  A spark wasp (Depths:3)
  2 ettins (Vaults:5)
  A deep elf high priest (Vaults:5)
  7 vault guards (Vaults:5)
  2 ogre magi (Vaults:5)
  A rakshasa (D:15)
  3 deep troll earth magi (Vaults:5)
  A shadow wraith (Vaults:5)
  6 deep trolls
  An orc knight (Vaults:5)
  A deep elf pyromancer (Elf:3)
  2 ironbound convokers (Vaults:5)
  A manticore (Zig:5)
  2 freezing wraiths (Vaults:5)
  An anaconda simulacrum (Crypt:3)
  A merfolk (Zig:5)
  2 slime creatures (Zig:9)
  A wyvern (Zig:10)
  A hog (D:14)
  A dancing weapon (Zig:8)
  5 orc warriors (Vaults:5)
  A kobold brigand (D:8)
  3 orcs
  23 foxfires
81 creatures vanquished.

Grand Total: 2446 creatures vanquished

Notes
Turn   | Place    | Note
-------+----------+-------------------------------------------
     0 | D:1      | thriggle the Formicid Fighter began the quest for the Orb.
     0 | D:1      | Reached XP level 1. HP: 18/18 MP: 1/1
    68 | D:1      | Reached XP level 2. HP: 24/24 MP: 2/2
   172 | D:1      | Reached XP level 3. HP: 29/29 MP: 3/3
   194 | D:1      | Reached skill level 1 in Stealth
   642 | D:2      | Found a radiant altar of Vehumet.
   809 | D:2      | Found a faded altar of an unknown god.
   817 | D:2      | Prayed at the altar of an unknown god.
   817 | D:2      | Became a worshipper of Gozag Ym Sagoz the Greedy
   823 | D:2      | Found Xusyledi's Jewellery Emporium.
  1089 | D:2      | Reached XP level 4. HP: 37/37 MP: 4/4
  1165 | D:2      | Reached skill level 1 in Throwing
  1165 | D:2      | Reached skill level 1 in Dodging
  1387 | D:3      | Gained mutation: A frigid envelope surrounds you and
                  | freezes all who hurt you. [potion of mutation]
  1912 | D:3      | Reached XP level 5. HP: 42/42 MP: 5/5
  2251 | D:4      | Noticed an ogre
  2251 | D:4      | Found Baunaude's Distillery.
  2262 | D:4      | Killed an ogre
  2281 | D:4      | Reached XP level 6. HP: 37/48 MP: 6/6
  2293 | D:4      | Bought a potion of curing for 33 gold pieces
  2293 | D:4      | Bought a potion of invisibility for 88 gold pieces
  2365 | D:4      | Reached skill level 3 in Polearms
  2383 | D:4      | Noticed an ice beast
  2394 | D:4      | Killed an ice beast
  2395 | D:4      | Reached skill level 5 in Shields
  2406 | D:4      | Reached XP level 7. HP: 48/55 MP: 7/7
  2565 | D:4      | Found a shimmering altar of Xom.
  2565 | D:4      | Found an ornate altar of the Wu Jian Council.
  2674 | D:4      | Found a staircase to the Ecumenical Temple.
  3259 | D:5      | Entered Level 5 of the Dungeon
  3595 | D:5      | Reached XP level 8. HP: 61/61 MP: 8/8
  4005 | D:6      | Reached skill level 5 in Fighting
  4130 | D:6      | Reached skill level 4 in Polearms
  4135 | D:6      | Noticed Edmund
  4151 | D:6      | Killed Edmund
  4152 | D:6      | Reached skill level 5 in Armour
  4256 | D:6      | Reached XP level 9. HP: 55/68 MP: 9/9
  4321 | D:6      | Noticed Eustachio
  4322 | D:6      | Reached skill level 5 in Stealth
  4353 | D:6      | Killed Eustachio
  4436 | D:6      | Noticed Blork the orc
  4446 | D:6      | Killed Blork the orc
  4547 | D:6      | Found a stormy altar of Qazlal.
  4566 | D:6      | Noticed Duvessa
  4579 | D:6      | Noticed Dowan
  4587 | D:6      | Killed Duvessa
  4591 | D:6      | Killed Dowan
  4592 | D:6      | Reached skill level 5 in Polearms
  4959 | D:7      | Identified the ring of Okawaru, Teaching {AC+4 Slay+4}
  5118 | D:7      | Identified the +7 trident "Voikydd" {flame, *Rage rCorr
                  | Int-4 SInv}
  5360 | D:7      | Reached XP level 10. HP: 77/77 MP: 10/10
  5700 | D:7      | Reached skill level 5 in Throwing
  5832 | D:7      | Found a basalt altar of Yredelemnul.
  6299 | D:8      | Noticed Erica
  6373 | D:8      | Killed Erica
  6374 | D:8      | Reached skill level 6 in Polearms
  6508 | D:8      | Reached skill level 5 in Dodging
  7226 | D:9      | Reached XP level 11. HP: 84/84 MP: 11/11
  7241 | D:9      | Found a staircase to the Lair.
  7320 | D:9      | Reached skill level 1 in Evocations
  7503 | D:9      | Found a staircase to the Orcish Mines.
  7954 | D:9      | Found a burning altar of Makhleb.
  7974 | D:9      | Found an opulent altar of Gozag.
  8172 | D:10     | Entered Level 10 of the Dungeon
  8209 | D:10     | Reached skill level 7 in Polearms
  8209 | D:10     | Noticed a skeletal warrior
  8219 | D:10     | Killed a skeletal warrior
  8254 | D:10     | Found the +5 scythe "Finisher" {speed, execute}
  8331 | D:10     | Found a flagged portal.
  8343 | Bailey   | Entered a bailey
  8565 | Bailey   | Reached XP level 12. HP: 94/94 MP: 12/12
  9116 | Bailey   | Got Sif Muna's Exposition on the Birds
  9165 | Bailey   | Acquired a +1 tower shield of protection
  9316 | D:10     | Reached skill level 10 in Shields
  9926 | D:10     | Identified the ring of Zofig {Str+3 SInv}
 10199 | D:11     | Noticed a boulder beetle
 10208 | D:11     | Killed a boulder beetle
 10209 | D:11     | Reached skill level 8 in Polearms
 11154 | D:11     | Noticed a skeletal warrior
 11169 | D:11     | Killed a skeletal warrior
 11274 | D:11     | Reached XP level 13. HP: 99/101 MP: 13/13
 11280 | D:11     | Noticed a six-headed hydra
 11291 | D:11     | Killed a six-headed hydra
 11292 | D:11     | Reached skill level 5 in Evocations
 11401 | D:11     | Identified the +4 battleaxe "Gasy" {drain, rElec Str+3}
 11401 | D:11     | Identified the ring "Koifatasi" {rF+ rCorr Str+5}
 11401 | D:11     | Noticed a centaur warrior
 11409 | D:11     | Noticed a catoblepas
 11421 | D:11     | Killed a centaur warrior
 11422 | D:11     | Reached skill level 9 in Polearms
 11432 | D:11     | Killed a catoblepas
 11433 | D:11     | Reached skill level 10 in Stealth
 11811 | D:12     | Noticed Gastronok
 11825 | D:12     | Killed Gastronok
 13453 | D:13     | Reached skill level 10 in Fighting
 13462 | D:13     | Reached skill level 10 in Polearms
 13462 | D:13     | Reached XP level 14. HP: 95/110 MP: 12/14
 13521 | D:13     | Identified the amulet of Axushow {rF+ rN+ Regen+ Int+4}
 13925 | Orc:1    | Entered Level 1 of the Orcish Mines
 13984 | Orc:1    | Found Raishiud's General Store.
 14009 | Orc:1    | Found a transporter.
 14025 | Orc:1    | Bought a +3 chain mail of cold resistance for 371 gold
                  | pieces
 14055 | Orc:1    | Noticed Pedyestre's ghost (journeyman DsIE)
 14058 | Orc:1    | Found a bloodstained altar of Trog.
 14223 | Orc:1    | Found a transporter.
 14270 | Orc:1    | Found a transporter.
 14270 | Orc:1    | Found Ytanlin's Antique Weapon Boutique.
 14386 | Orc:1    | Found a transporter.
 14639 | Orc:2    | Entered Level 2 of the Orcish Mines
 15232 | Orc:2    | Found Xekhuq's Distillery.
 15277 | Orc:2    | Found Wyafeos's General Store.
 15415 | Orc:2    | Bought a potion of curing for 36 gold pieces
 15415 | Orc:2    | Bought a potion of heal wounds for 60 gold pieces
 15415 | Orc:2    | Bought a potion of cancellation for 96 gold pieces
 15415 | Orc:2    | Bought a potion of curing for 36 gold pieces
 15418 | Orc:2    | Bought a wand of charming (4) for 105 gold pieces
 15418 | Orc:2    | Bought a wand of iceblast (3) for 79 gold pieces
 15418 | Orc:2    | Bought a scroll of summoning for 104 gold pieces
 15437 | Orc:2    | Bought a potion of curing for 33 gold pieces
 15455 | Orc:2    | Noticed Erolcha
 15465 | Orc:2    | Killed Erolcha
 15466 | Orc:2    | Reached skill level 10 in Armour
 15617 | Orc:2    | Found a staircase to the Elven Halls.
 15701 | Orc:2    | Found a runed translucent door.
 15704 | Orc:2    | Noticed Likado's ghost (journeyman MfSu)
 15857 | Orc:2    | Noticed Maurice
 15865 | Orc:2    | Maurice stole an amulet of guardian spirit
 15869 | Orc:2    | Killed Maurice
 16323 | Orc:2    | Reached skill level 11 in Polearms
 16387 | Orc:2    | Found Wiasyqus's Antique Weapon Shoppe.
 16387 | Orc:2    | Found Ihinurit's Book Emporium.
 16388 | Orc:2    | Found a one-way gate leading to the halls of Pandemonium.
 16648 | Lair:1   | Entered Level 1 of the Lair of Beasts
 17166 | Lair:1   | Found a runed translucent gate.
 17166 | Lair:1   | Found a runed translucent gate.
 17167 | Lair:1   | Found a runed translucent gate.
 17170 | Lair:1   | Noticed jestert79's ghost (novice DrCA)
 17170 | Lair:1   | Noticed jasper's ghost (journeyman DECA)
 17364 | Lair:1   | Killed jestert79's ghost
 17370 | Lair:1   | Killed jasper's ghost
 17371 | Lair:1   | Reached XP level 15. HP: 117/117 MP: 15/15
 17887 | Lair:2   | Found a hole to the Spider Nest.
 17951 | Lair:2   | Noticed zenocrate's ghost (journeyman VSEn)
 18149 | Lair:2   | Found a runed translucent gate.
 18150 | Lair:2   | Found a runed translucent gate.
 18151 | Lair:2   | Found a runed translucent gate.
 18173 | Lair:2   | Found a staircase to the Swamp.
 19029 | Lair:3   | Reached skill level 15 in Shields
 19774 | Lair:4   | Found a dark tunnel.
 19790 | Volcano  | Entered a volcano
 19857 | Volcano  | Reached skill level 12 in Polearms
 20179 | Lair:4   | Found a staircase to the Slime Pits.
 20588 | Lair:4   | Found a viscous altar of Jiyva.
 20969 | Lair:5   | Entered Level 5 of the Lair of Beasts
 21156 | Lair:5   | Reached XP level 16. HP: 126/126 MP: 16/16
 21935 | Lair:5   | Upgraded the game from 0.31-a0-1589-g8f5e8aebd6 to
                  | 0.31-a0-1611-g890cdf5628
 22196 | Lair:5   | Reached skill level 10 in Throwing
 22926 | Lair:5   | Reached skill level 13 in Polearms
 23327 | Lair:2   | Killed zenocrate's ghost
 23805 | D:14     | Found a gate to the Vaults.
 24032 | D:14     | Noticed Kirke
 24206 | D:14     | Killed Kirke
 24207 | D:14     | Reached XP level 17. HP: 133/133 MP: 17/17
 24351 | D:14     | Found a sacrificial altar of Ru.
 24419 | D:15     | Entered Level 15 of the Dungeon
 24702 | D:15     | Found Pecvumol's General Store.
 24707 | D:15     | Bought a scroll of enchant weapon for 112 gold pieces
 24707 | D:15     | Bought 4 boomerangs for 120 gold pieces
 24865 | D:15     | Upgraded the game from 0.31-a0-1611-g890cdf5628 to
                  | 0.31-a0-1612-g4aaf141004
 24922 | D:15     | Found a staircase to the Depths.
 25195 | Depths:1 | Entered Level 1 of the Depths
 25306 | Depths:1 | Noticed Nikola
 25326 | Depths:1 | Killed Nikola
 25331 | Depths:1 | Found a one-way gateway to a ziggurat.
 25581 | Depths:1 | Reached skill level 10 in Evocations
 25632 | Depths:1 | Found a one-way gate to the infinite horrors of the Abyss.
 26024 | D:15     | Bought a potion of cancellation for 104 gold pieces
 26024 | D:15     | Bought a potion of curing for 39 gold pieces
 26028 | D:15     | Bought a +4 plate armour of poison resistance for 658 gold
                  | pieces
 26028 | D:15     | Bought 2 potions of curing for 84 gold pieces
 26028 | D:15     | Bought a potion of ambrosia for 112 gold pieces
 26028 | D:15     | Bought a scroll of summoning for 133 gold pieces
 26043 | Depths:1 | Reached skill level 14 in Polearms
 26097 | Depths:1 | Found a burning altar of Makhleb.
 26121 | Depths:1 | Found a glowing golden altar of the Shining One.
 26187 | Depths:1 | Reached skill level 10 in Dodging
 26231 | Depths:1 | Found a hide-covered altar of Uskayaw.
 26703 | Depths:1 | Found a gateway to Hell.
 26763 | Depths:2 | Noticed Sojobo
 26763 | Depths:2 | Noticed a tengu reaver
 26763 | Depths:2 | Noticed a tengu reaver
 26763 | Depths:2 | Noticed a sphinx
 27604 | Spider:1 | Entered Level 1 of the Spider Nest
 27976 | Spider:1 | Reached XP level 18. HP: 142/142 MP: 18/18
 28237 | Spider:1 | Identified the serpent talisman of the Heavens {Str+2}
 28237 | Spider:1 | Noticed Aizul
 28260 | Spider:1 | Killed Aizul
 29126 | Spider:2 | Noticed Arachne
 29145 | Spider:2 | Killed Arachne
 29296 | Spider:2 | Noticed Asterion
 29303 | Spider:2 | Killed Asterion
 31241 | Spider:3 | Reached skill level 15 in Polearms
 31469 | Spider:3 | Reached XP level 19. HP: 106/150 MP: 19/19
 31985 | Spider:3 | Identified the +3 long sword "Cilelead" {freeze, Dex+4}
 32207 | Spider:4 | Entered Level 4 of the Spider Nest
 32500 | Spider:4 | Noticed Bai Suzhen
 32503 | Spider:4 | Killed Bai Suzhen
 32918 | Spider:4 | Reached skill level 15 in Stealth
 33077 | Spider:4 | Identified the +2 hat of Insatiable Hunger {Rampage Will+
                  | Str-4 Int+4}
 33126 | Spider:4 | Got a gossamer rune of Zot
 33421 | Swamp:1  | Entered Level 1 of the Swamp
 33465 | Swamp:1  | Noticed Louise
 33479 | Swamp:1  | Killed Louise
 33510 | Swamp:1  | Identified the +6 dagger of Lenamnul {flame, *Noise rPois
                  | Int+7 SInv}
 35098 | Swamp:3  | Reached XP level 20. HP: 159/159 MP: 20/20
 35252 | Swamp:3  | Reached skill level 16 in Polearms
 36216 | Swamp:4  | Entered Level 4 of the Swamp
 36538 | Swamp:4  | Reached skill level 17 in Polearms
 36647 | Swamp:4  | Noticed the 27-headed Lernaean hydra
 36725 | Swamp:4  | Killed the 27-headed Lernaean hydra
 36745 | Swamp:4  | Got a decaying rune of Zot
 37065 | Swamp:4  | Identified the +3 dagger of Gallantry {flame, rC+}
 37079 | Swamp:4  | Identified the +9 great mace of the Undead {heavy, rElec
                  | Will- Str+4}
 37562 | Elf:1    | Entered Level 1 of the Elven Halls
 37575 | Elf:1    | Reached skill level 18 in Polearms
 37763 | Elf:1    | Found Biarghou's Weapon Shoppe.
 38184 | Elf:1    | Got the Volume of Stolen Souls
 38471 | Elf:2    | Found a portal to a secret trove of treasure.
 38597 | Elf:1    | Reached skill level 19 in Polearms
 38813 | Elf:2    | Reached XP level 21. HP: 165/165 MP: 21/21
 38999 | Elf:2    | Found a runed translucent gate.
 38999 | Elf:2    | Found a runed translucent gate.
 38999 | Elf:2    | Found a runed translucent gate.
 39570 | Elf:3    | Entered Level 3 of the Elven Halls
 40148 | Elf:3    | Found a runed translucent door.
 40451 | Elf:3    | Identified the +6 chain mail of Noughts and Crosses {^Drain
                  | rElec Str-4 SInv}
 40451 | Elf:3    | Identified the ring "Haodd" {rElec Dex+6}
 40517 | Elf:3    | Reached skill level 20 in Polearms
 40958 | Elf:3    | Identified the +5 double sword of an ossuary {flame, *Slow
                  | rElec rPois Str+4}
 41287 | Elf:3    | Identified the +8 battleaxe of the Ancient Tables {venom,
                  | Will+ Dex+5 Stlth-}
 41305 | Elf:3    | Identified the +0 robe of the Wumpus {rElec}
 41338 | Elf:3    | Identified the +0 chain mail "Cusm" {rN+ Will+ Str+4 Dex-5
                  | SInv}
 41359 | Elf:3    | Reached skill level 21 in Polearms
 41728 | Elf:3    | Got Lehudib's Compendium of Blasting and the Anticline
 41730 | Elf:3    | Identified the amulet "Qiusmuyn" {rF+ Regen+ Int+4 Dex+3}
 41743 | Elf:3    | Identified the +3 scale mail "Rumnupt" {-Tele Int+2 Dex+5
                  | Stlth+}
 41759 | Elf:3    | Identified the staff "Death Rattle" {rF+ rC+ rN+ rCorr
                  | Fire}
 41974 | Elf:2    | Noticed Jorgrun
 41983 | Elf:2    | Killed Jorgrun
 42355 | Elf:2    | Noticed Donald
 42370 | Elf:2    | Killed Donald
 42662 | Elf:2    | Identified the blade talisman of the Onion {rPois rF+++
                  | rC-}
 43099 | Vaults:1 | Entered Level 1 of the Vaults
 43105 | Vaults:1 | Reached XP level 22. HP: 145/172 MP: 22/22
 43176 | Vaults:1 | Reached skill level 22 in Polearms
 43206 | Vaults:1 | Upgraded the game from 0.31-a0-1612-g4aaf141004 to
                  | 0.31-a0-1616-gbeaec30b81
 44939 | Vaults:1 | Reached skill level 23 in Polearms
 45944 | Vaults:2 | Noticed Margery
 45968 | Vaults:1 | Killed Margery
 45988 | Vaults:1 | Bought a potion of curing for 42 gold pieces
 46226 | Vaults:2 | Upgraded the game from 0.31-a0-1616-gbeaec30b81 to
                  | 0.31-a0-1620-gcbf77bbcfc
 46749 | Vaults:2 | Reached skill level 24 in Polearms
 47315 | Vaults:2 | Noticed Xtahua
 47324 | Vaults:1 | Killed Xtahua
 47485 | Vaults:2 | Reached XP level 23. HP: 164/178 MP: 23/23
 48011 | Vaults:2 | Found a staircase to the Crypt.
 48666 | Vaults:3 | Found Wuretoidgh's Antique Armour Boutique.
 48948 | Vaults:3 | Reached skill level 25 in Polearms
 49717 | Vaults:3 | Bought a jewelled ring mail for 252 gold pieces
 49717 | Vaults:3 | Identified the +0 ring mail of the Monk {Dex+7} (You bought
                  | it in a shop on level 3 of the Vaults)
 51286 | Vaults:4 | Reached skill level 26 in Polearms
 52207 | Vaults:4 | Reached XP level 24. HP: 185/185 MP: 23/23
 52864 | Vaults:5 | Entered Level 5 of the Vaults
 53000 | Vaults:4 | You fall into a shaft and drop 1 floor!
 53440 | Vaults:5 | Got a silver rune of Zot
 53930 | Vaults:5 | Noticed a golden dragon
 53954 | Vaults:5 | Killed a golden dragon
 53985 | Vaults:5 | Identified the ring "Qaniz" {rC- MP+9 Dex+8 Stlth+}
 53991 | Vaults:5 | Identified the staff "Nuzenter" {rF+ Int+3 Fire}
 53993 | Vaults:5 | Identified the ring "Xyujog" {Ice Str-2 Int+6 Dex+3}
 54072 | Vaults:5 | Identified the +2 shortbow of Uncertain Death {freeze,
                  | Dex+2}
 54077 | Vaults:5 | Identified the +6 flail of Eceosiv {heavy, Str+5}
 54077 | Vaults:5 | Identified the ring "Vaas" {rPois rN+}
 54145 | Vaults:5 | Identified the +0 scale mail of Itabe {rElec Dex+3 Slay-2}
 55218 | Crypt:1  | Entered Level 1 of the Crypt
 55324 | Crypt:1  | Identified the ring "Kaemen" {rElec rF+ rC+ Int+6 Stlth-}
 56025 | Crypt:1  | Reached XP level 25. HP: 188/191 MP: 23/23
 56682 | Crypt:2  | Reached skill level 27 in Polearms
 57190 | Crypt:3  | Entered Level 3 of the Crypt
 57230 | Crypt:3  | Upgraded the game from 0.31-a0-1620-gcbf77bbcfc to
                  | 0.32-a0-7-ge934b4519a
 57407 | Crypt:3  | Reached skill level 15 in Fighting
 57524 | Crypt:3  | Identified the ring "Saneaf" {Ice rPois rN+ Will+ Slay-3}
 57524 | Crypt:3  | Noticed Josephina
 57546 | Crypt:3  | Killed Josephina
 58244 | Crypt:3  | Noticed a curse toe
 58253 | Crypt:3  | Killed a curse toe
 58555 | Crypt:3  | Noticed Boris
 58558 | Crypt:3  | Killed Boris
 58799 | Crypt:3  | Found a staircase to the Tomb.
 58854 | Crypt:3  | Noticed a curse toe
 58873 | Crypt:3  | Noticed Mennas
 58942 | Crypt:3  | Killed Mennas
 58943 | Crypt:3  | Reached skill level 15 in Armour
 59039 | Crypt:3  | Killed a curse toe
 59207 | Crypt:3  | Noticed an ancient lich
 59207 | Crypt:3  | Noticed an ancient lich
 59281 | Crypt:3  | Killed an ancient lich
 59307 | Crypt:3  | Killed an ancient lich
 59316 | Crypt:3  | Noticed an ancient lich
 59340 | Crypt:3  | Killed an ancient lich
 59350 | Crypt:3  | Identified the +4 whip of Bymed {drain, Stlth+}
 59355 | Crypt:3  | Identified the +1 robe of Eternal Night {Stlth+}
 59364 | Crypt:3  | Identified the staff of Perversion {rN+ MP-9 Int+6 Necro}
 59912 | Depths:2 | Found a broken altar of Ashenzari.
 59916 | Depths:2 | Reached XP level 26. HP: 117/202 MP: 23/23
 59920 | Depths:2 | Killed Sojobo
 60446 | Depths:2 | Identified the +6 great sword "Paeroem" {speed, *Slow rC+++
                  | rN+ Will+}
 60521 | Depths:2 | Reached skill level 1 in Axes
 60823 | Depths:2 | Reached skill level 1 in Spellcasting
 61277 | Depths:2 | Identified the ring "Erghach" {Fly rPois Dex+4 Stlth+}
 62524 | Depths:3 | Reached skill level 5 in Axes
 63042 | Depths:3 | Reached XP level 27. HP: 211/211 MP: 28/28
 63631 | Depths:3 | Identified the +6 whip of Prudence {protect, Int+5}
 63640 | Depths:3 | Identified the staff "Joh Myem" {rN+ Str+6 Int-3 Necro}
 63702 | Depths:3 | Identified the +5 troll leather armour of Weirdness {Harm
                  | Regen+ Str+3 Int-4 Dex+3}
 64156 | Depths:3 | Learned a level 8 spell: Discord
 64290 | Depths:3 | Reached skill level 1 in Hexes
 64498 | Depths:3 | Learned a level 4 spell: Dispel Undead
 64596 | Depths:4 | Entered Level 4 of the Depths
 64663 | Depths:4 | Reached skill level 1 in Necromancy
 64803 | Depths:4 | Reached skill level 5 in Spellcasting
 65821 | Depths:4 | Found a gate to the Realm of Zot.
 65922 | Depths:4 | Learned a level 3 spell: Tukima's Dance
 65927 | Depths:4 | Learned a level 4 spell: Cause Fear
 65933 | Depths:4 | Learned a level 5 spell: Silence
 66416 | Zig:1    | Entered Level 1 of a ziggurat
 66417 | Zig:1    | Noticed Xoonoann the pandemonium lord
 66425 | Zig:1    | Killed Xoonoann the pandemonium lord
 66457 | Zig:2    | Entered Level 2 of a ziggurat
 66533 | Zig:3    | Entered Level 3 of a ziggurat
 66594 | Zig:3    | Identified the +6 orcbow "Ger Zuph" {heavy, rC+ Dex+4}
 66614 | Zig:4    | Entered Level 4 of a ziggurat
 66616 | Zig:4    | Found the +8 lance "Wyrmbane" {slay drac, rPois rF+ rC+
                  | AC+3}
 66766 | Zig:5    | Entered Level 5 of a ziggurat
 66819 | Zig:5    | Identified the +8 mace of Valour {holy, Str+2}
 66832 | Zig:5    | Identified the +8 falchion of Defiance {freeze, rC- rN+
                  | rCorr Str+3}
 66898 | Zig:6    | Entered Level 6 of a ziggurat
 66999 | Zig:7    | Entered Level 7 of a ziggurat
 67020 | Zig:7    | Reached skill level 5 in Hexes
 67040 | Zig:7    | Reached skill level 15 in Throwing
 67057 | Zig:7    | Reached skill level 15 in Evocations
 67107 | Zig:7    | Identified the +0 pair of boots of the Monkey {rN+ Will+}
 67124 | Zig:8    | Entered Level 8 of a ziggurat
 67131 | Zig:8    | Found the +6 Majin-Bo {spellvamp, MP+6 Int+6}
 67247 | Zig:8    | Identified the +6 spear of True Grit {venom, rElec rC+}
 67259 | Zig:8    | Reached skill level 5 in Necromancy
 67269 | Zig:9    | Entered Level 9 of a ziggurat
 67444 | Zig:9    | Identified the +12 great sword of Distant Shores {vamp,
                  | Int+3 Stlth+}
 67448 | Zig:9    | Identified the staff of the Tomato {^Drain rPois rN+++
                  | Int-2 Conj}
 67461 | Zig:10   | Entered Level 10 of a ziggurat
 67574 | Zig:10   | Found the sphere of Battle
 67579 | Zig:10   | Identified the staff "Pupusig" {rElec Will+ Str+2 Earth}
 67585 | Zig:10   | Identified the ring of Bulel {rElec AC+4}
 67601 | Zig:10   | Identified the +8 rapier of Iprejan {freeze, Dex+6}
 67745 | Zig:11   | Entered Level 11 of a ziggurat
 67768 | Zig:11   | Noticed Wettim the pandemonium lord
 67777 | Zig:11   | Gained mutation: You occasionally lose the ability to drink
                  | potions when taking damage. [a cacodemon]
 67816 | Zig:11   | Killed from afar by Wettim the pandemonium lord

Illustrated notes

Levels and vault maps discovered:
D:1:      minmay_arrival_arboretum_small, layout_rooms
D:2:      wander_river, layout_basic, shapermc_ecumenical_altar_mp_highgroup,
          serial_shops, nicolae_shop_gaudy_bauble, basic_altar,
          grunt_ministairs_3
D:3:      layout_loops_corners, serial_bayou_lagoon_b
D:4:      kennysheep_slugbush, layout_basic, nicolae_overflow_two_pavilions,
          minmay_temple_entry_butterflies, nicolae_stop_n_shop_1
D:5:      layout_loops_ring, minmay_hedge_maze
D:6:      layout_gridville, nicolae_qazlal_scattered_showers, uniq_duvessa,
          uniq_eustachio, uniq_blork_the_orc, uniq_edmund
D:7:      layout_cave_pods, lemuel_mausoleum_altar_yredelemnul, serial_glass,
          glass_columns_c, glass_columns_a, minmay_gold_behind_fungi
D:8:      lemuel_ice_spiral_2, layout_rooms, uniq_erica
D:9:      minmay_skewed_foursquare, layout_rooms,
          amethyst_overflow_temple_binary, lair_entry_dummy, david_orc_4,
          serial_ice, serial_ice_l, serial_ice_a, serial_ice_f, serial_ice_m,
          serial_ice_c, serial_ice_o, serial_ice_e
D:10:     layout_stronghold, serial_ice, serial_ice_d, serial_ice_k,
          serial_ice_m, serial_ice_n, enter_bailey_2, st_stairs_6, minivault_19,
          chequers_hall_statues_corner_a, minmay_guarded_unrand_finisher
D:11:     minmay_the_grid_triangle_9x9_line_8_mashed
          [minmay_the_grid_triangle_9x9_warning,
          minmay_the_grid_triangle_9x9_wacky_v,
          minmay_the_grid_triangle_9x9_cache,
          minmay_the_grid_triangle_9x9_sparse_checkered,
          minmay_the_grid_triangle_9x9_longest,
          minmay_the_grid_triangle_9x9_zippers_horizontal,
          minmay_the_grid_triangle_9x9_steps,
          minmay_the_grid_triangle_9x9_prize_schism], layout_basic,
          minmay_diced_spiral
D:12:     layout_cave_pods, uniq_gastronok
D:13:     layout_basic, billiards_dpeg
D:14:     layout_roguey, david_vaults_1, nicolae_ru_path_of_blood,
          gauntlet_entry_generic, uniq_kirke
D:15:     hangedman_depths_entry_try_elsewhere_first, layout_loops_cross,
          serial_shops, shop_statue
Lair:1:   layout_loops_ring, gammafunk_ghost_cemetery
Lair:2:   layout_cave_pods, minmay_swamp_entry_worms, spider_nest_entry_rubble,
          gammafunk_ghost_split, hangedman_lair_unloving_vines,
          serial_bayou_ford_a
Lair:3:   beast_lair_carwin_large_2, layout_layer_cave,
          chequers_serial_rivers_small_b
Lair:4:   layout_regular_city, nicolae_slime_entry_field_trip, enter_volcano_1,
          chequers_serial_rivers_large_a, lemuel_fruit_fields
Lair:5:   wormcave, layout_small_grid, guppyfry_lair_end_dragon,
          serial_bayou_pond_a
Swamp:1:  layout_basic_swamp, hangedman_swamp_ruin_wall, swamp_pool_3,
          infiniplex_staircase_pool, uniq_louise
Swamp:2:  layout_falls_marsh, evilmike_swamp_ruin_house_2, swamp_pool_1_2,
          nicolae_swamp_necromancer_hut
Swamp:3:  layout_basic_swamp, nicolae_swamp_tree_designs, hangedman_swamp_grove
Swamp:4:  grunt_swamp_rune_castle, layout_basic_swamp
Spider:1: layout_cave_pods, hangedman_spider_tarantella_strand, uniq_aizul
Spider:2: layout_cave_pods, nicolae_spider_world_wide_web, uniq_asterion,
          uniq_arachne
Spider:3: layout_spider_delve, nicolae_orb_stairs
Spider:4: guppyfry_spider_rune, uniq_bai_suzhen
Orc:1:    layout_diamond_mine, gammafunk_ghost_wrathful_warriors, serial_shops,
          shop, nicolae_shop_drivethru, basic_altar
Orc:2:    pf_orc_diabolical, layout_caves, hellmonk_ghost_happy_afterlife,
          uniq_erolcha, uniq_maurice
Elf:1:    eino_elf_arrival_shootout, layout_gridlike, serial_shops,
          nicolae_shop_crystal, minmay_elf_necromancy
Elf:2:    elven_hall_of_blades_hangedman_original [nicolae_blade_lattice],
          layout_loops_cross, enter_trove_1, nicolae_fountain_basement,
          uniq_donald, uniq_jorgrun
Elf:3:    minmay_elf_hall_circle, layout_rooms, minivault_13
Vaults:1: portal_desolation_entry_ruin, ontoclasm_vaults_chip, v_misc_26,
          nicolae_vaults_branching_niches, nicolae_vaults_mini_display_case,
          v_misc_25, vaults_dpeg_encased_lava, layout_vaults_big_cross
Vaults:2: minmay_crypt_entry_vampire_xt, v_misc_3, nicolae_vaults_puzzle_piece,
          nicolae_vaults_network_star, grunt_vaults_swirl,
          nicolae_vaults_tetromino_Z_1, nicolae_vaults_house_2, v_misc_17,
          nicolae_vaults_tetromino_T_2, ontoclasm_vaults_eye,
          layout_vaults_chaotic_city, uniq_xtahua, uniq_margery
Vaults:3: v_rooms_6, vaults_dpeg_spiral, nicolae_vaults_storage_closets_1,
          hangedman_vaults_slice, hangedman_vaults_trim,
          nicolae_vaults_frosty_reception, v_misc_29, nicolae_vaults_house_1,
          nicolae_vaults_tetromino_T_1, nicolae_vaults_tetromino_T_1,
          nicolae_vaults_statue_guard, layout_vaults_ring, serial_shops, shop
Vaults:4: nicolae_vaults_ninety_degrees, hangedman_vaults_slither, v_pattern_4,
          nicolae_vaults_closet_pinwheel_5, hangedman_vaults_stitches,
          nicolae_vaults_little_ls, nicolae_vaults_little_squares_4,
          nicolae_vaults_stairing_the_circle, vaults_room_large_hall,
          nicolae_vaults_trapezoid_3, nicolae_vaults_trapezoid_lopsided_3,
          nicolae_vaults_apartment_1, vaults_dpeg_ring,
          nicolae_vaults_diamond_1, layout_vaults_omnibox
Vaults:5: serial_shops
Crypt:1:  layout_gridlike
Crypt:2:  layout_misc_corridors
Crypt:3:  david_glass_crypt, layout_gridlike, tomb_entry_simple_bobbens,
          uniq_josephina, uniq_mennas, uniq_boris
Depths:1: layout_cave_shapes, enter_ziggurat_c, minmay_room_of_horrors,
          nicolae_uskayaw_suspiria, serial_column_ruins, column_ruins_hut,
          column_ruins_columns_straight, column_ruins_open_tiny,
          column_ruins_grid_4, column_ruins_corridor_dead_end,
          column_ruins_open_small, column_ruins_columns_plus,
          column_ruins_columns_straight, pf_hell_entry_great_geh,
          rand_demon_pan_entry_3, nzn_life_drinkers, uniq_nikola
Depths:2: nicolae_aperiodic_l_corner, layout_cave_pools, rand_demon_pan_entry_8,
          abyss_entry, pf_hell_entry_tar_spiral, ashenzari_altar_1, uniq_sojobo
Depths:3: hellmonk_hyper_hexagons [hex_subvault_orbs, hex_subvault_channel,
          hex_subvault_four_corners, hex_subvault_rooms_two,
          hex_subvault_bowtie, hex_subvault_octagon, hex_subvault_bell],
          hell_entry, abyss_entry
Depths:4: grunt_zot_entry_bicorn, layout_basic, grunt_hell_entry_dis_grunt,
          hangedman_decor_lopped, nicolae_abyss_entry_one_way_or_another,
          kilobyte_rumbling_trees
Zig:11

Skill      XL: |  1  2  3  4  5  6  7  8  9 10 11 12 13 14 15 16 17 18 19 20 21 22 23 24 25 26 27 |
---------------+----------------------------------------------------------------------------------+-----
Stealth        | 1 2 3 4 6 7 8 9 10 11 12 13 14 15 16 17 18 19 | 19.0
Throwing       | 1 2 3 4 5 6 7 8 9 10 11 12 13 14 15 | 15.1
Dodging        | 1 2 3 4 5 6 7 8 9 10 11 12 13 | 13.8
Fighting       | 4 5 6 7 8 9 10 11 12 13 14 15 16 17 | 17.0
Armour         | 4 5 6 7 8 9 10 11 12 13 14 15 16 | 16.7
Polearms       | 3 4 5 6 7 8 10 11 12 13 14 15 19 21 24 26 27 | 27.0
Shields        | 5 6 7 8 9 11 12 14 15 16 18 19 20 22 23 25 | 25.2
Evocations     | 3 4 6 7 8 9 10 11 12 13 14 15 | 15.1
Axes           | 5 6 |  6.4
Spellcasting   | 3 7 |  7.5
Hexes          | 8 |  8.7
Necromancy     | 5 |  5.6

Action                     |  1- 3 |  4- 6 |  7- 9 | 10-12 | 13-15 | 16-18 | 19-21 | 22-24 | 25-27 || total
---------------------------+-------+-------+-------+-------+-------+-------+-------+-------+-------++-------
  Melee: Trident           |   152 |    95 |   209 |   404 |   135 |     5 |   113 |       |       ||  1113
         Scythe            |       |       |       |   150 |   790 |  1046 |   975 |  1473 |  1893 ||  6327
         Halberd           |       |       |       |       |       |       |       |       |    39 ||    39
  Throw: Stone             |     4 |       |       |     1 |       |       |       |       |       ||     5
         Dart              |       |     3 |    33 |     7 |    73 |   116 |   156 |     9 |    11 ||   408
         Boomerang         |       |     1 |     9 |    30 |       |    43 |   185 |    18 |   119 ||   405
         Javelin           |       |       |       |       |       |       |     8 |     1 |     5 ||    14
         Throwing net      |       |       |       |       |       |       |       |       |     1 ||     1
   Cast: Tukima's Dance    |       |       |       |       |       |       |       |       |     4 ||     4
 Invoke: Potion Petition   |       |       |       |       |     1 |     1 |     2 |       |     5 ||     9
         Call Merchant     |       |       |       |       |       |     2 |       |     1 |       ||     3
         Bribe Branch      |       |       |       |       |       |       |       |     2 |       ||     2
Ability: Dig               |     1 |       |       |       |       |       |     2 |       |       ||     3
  Evoke: Wand              |       |       |       |       |     1 |     5 |    11 |       |    30 ||    47
         Phantom mirror    |       |       |       |       |       |     2 |     2 |       |     2 ||     6
         Box of beasts     |       |       |       |       |       |       |       |       |     1 ||     1
    Use: Scroll            |       |     8 |     7 |     5 |     9 |     4 |     3 |     3 |    14 ||    53
         Potion            |       |     1 |     1 |     1 |     3 |     6 |     9 |     5 |    21 ||    47
   Stab: Sleeping          |       |       |     2 |    20 |    12 |    10 |     2 |     7 |     2 ||    55
         Distracted        |       |       |       |     5 |     8 |    14 |    14 |    25 |    26 ||    92
         Invisible         |       |       |       |       |       |     5 |    10 |     1 |    10 ||    26
         Betrayed ally     |       |       |       |       |       |       |     2 |       |       ||     2
 Armour: Scale mail        |    99 |    48 |   140 |    57 |    48 |       |       |       |       ||   392
         Leather armour    |       |       |       |   252 |    47 |       |       |       |       ||   299
         Skin              |       |       |       |       |     1 |       |       |       |       ||     1
         Chain mail        |       |       |       |       |   221 |   152 |       |       |       ||   373
         Plate armour      |       |       |       |       |       |   176 |   326 |   264 |   504 ||  1270
  Dodge: Dodged            |    56 |    33 |    92 |   283 |   180 |   191 |   173 |   136 |   258 ||  1402
  Block: Buckler           |    49 |    15 |    49 |   129 |       |       |       |       |       ||   242
         Tower shield      |       |       |       |   116 |   958 |  1205 |   931 |  1096 |  1442 ||  5748
         Reflection        |       |       |       |       |     3 |    35 |    48 |   100 |    52 ||   238

Table legend: (Time is in decaauts)
 A = Elapsed time spent in this place.
 B = Non-inter-level travel time spent in this place.
 C = Inter-level travel time spent in this place.
 D = Time resting spent in this place.
 E = Time spent auto-exploring this place.
 F = Levels seen in this place.
 G = Mean time per level.
                   A        B        C        D        E       F      G
               +--------+--------+--------+--------+--------+-----+--------+
         Total |  66451 |  61015 |   5436 |   8065 |  15199 |  58 | 1145.7 |
       Dungeon |  15996 |  14014 |   1982 |   1060 |   6545 |  15 | 1066.4 |
          Lair |   6784 |   5837 |    947 |     65 |   2559 |   5 | 1356.8 |
         Swamp |   4155 |   3961 |    194 |    813 |    740 |   4 | 1038.8 |
   Spider Nest |   5715 |   5557 |    158 |    934 |   1010 |   4 | 1428.8 |
  Orcish Mines |   2853 |   2652 |    201 |    103 |    775 |   2 | 1426.5 |
   Elven Halls |   5155 |   4875 |    280 |   1278 |    444 |   3 | 1718.3 |
        Vaults |  11643 |  10509 |   1134 |   1343 |   1271 |   5 | 2328.6 |
         Crypt |   3997 |   3836 |    161 |    406 |    528 |   3 | 1332.3 |
        Depths |   7669 |   7292 |    377 |   1643 |   1182 |   4 | 1917.2 |
      Ziggurat |   1229 |   1229 |      0 |    312 |      0 |  11 |  111.7 |
        Bailey |    968 |    968 |      0 |    104 |    144 |   1 |  968.0 |
       Volcano |    282 |    282 |      0 |      0 |      0 |   1 |  282.0 |
               +--------+--------+--------+--------+--------+-----+--------+

Top non-repeatable levels by time:
Vaults:1: 3031 daAuts
Depths:3: 2629 daAuts
Vaults:2: 2601 daAuts
  Lair:5: 2281 daAuts
   Elf:3: 2270 daAuts
Vaults:4: 2229 daAuts
Spider:2: 2178 daAuts
 Crypt:3: 2061 daAuts
   Orc:2: 2038 daAuts
    D:11: 1949 daAuts
Depths:1: 1945 daAuts
Vaults:3: 1920 daAuts
Vaults:5: 1860 daAuts
Depths:2: 1704 daAuts
  Lair:2: 1565 daAuts
